 Dungeon Crawl Stone Soup version 0.19.1-1-g22dce08 (webtiles) character file.

2084 Lahna the Basher (level 9, -4/79 HPs)
             Began as a Minotaur Fighter on Jan 20, 2017.
             Was a Follower of Makhleb.
             Killed from afar by a hell hound (6 damage)
             ... with a blast of flame
             ... on level 10 of the Dungeon.
             The game lasted 00:17:40 (5786 turns).

Lahna the Basher (Minotaur Fighter)                 Turns: 5786, Time: 00:17:41

Health: -4/79      AC: 16    Str: 24    XL:     9   Next: 6%
Magic:  8/8        EV:  5    Int:  5    God:    Makhleb [*.....]
Gold:   291        SH:  9    Dex: 10    Spells: 0 memorised, 8 levels left

rFire  . . .     SeeInvis +     a - +0 flail
rCold  . . .     Gourm    .     E - +0 plate armour (curse)
rNeg   . . .     Faith    .     c - +0 shield
rPois  .         Spirit   .     (helmet restricted)
rElec  .         Reflect  .     t - +0 cloak
rCorr  .         Harm     .     (no gloves)
MR     .....                    C - +0 pair of boots
Stlth  ..........               (no amulet)
                                (no ring)
                                y - ring of see invisible

@: no status effects
A: retaliatory headbutt, horns 2
a: Renounce Religion


You were on level 10 of the Dungeon.
You worshipped Makhleb.
Makhleb was aware of your devotion.
You were hungry.

You visited 2 branches of the dungeon, and saw 10 of its levels.

You collected 291 gold pieces.

Inventory:

Hand Weapons
 a - a +0 flail (weapon)
Missiles
 w - 3 throwing nets (quivered)
Armour
 c - a +0 shield (worn)
 t - a +0 cloak (worn)
 C - a +0 pair of boots (worn)
 E - a cursed +0 plate armour (worn)
Jewellery
 y - a ring of see invisible (left hand)
Wands
 v - a wand of iceblast (7/15)
Scrolls
 h - 4 scrolls of remove curse {unknown}
 i - 2 scrolls of recharging {unknown}
 j - 9 scrolls of identify {unknown}
 k - 2 scrolls of blinking {unknown}
 m - 4 scrolls of random uselessness {unknown}
 p - 2 scrolls of enchant armour {unknown}
 q - 2 scrolls of magic mapping {unknown}
 r - 3 scrolls of fear {unknown}
 s - 2 scrolls of amnesia {unknown}
 u - a scroll of noise {unknown}
 B - 2 scrolls of teleportation {unknown}
 D - a scroll of enchant weapon {unknown}
Potions
 b - a potion of cure mutation {unknown}
 d - 2 potions of might
 e - a potion of degeneration {unknown}
 l - 3 potions of curing {unknown}
 o - a potion of agility {unknown}
 x - a potion of flight {unknown}
 z - 2 potions of cancellation {unknown}
 A - 2 potions of berserk rage {unknown}
Books
 F - a book of Minor Magic

   Spells                             Type                      Level
   a - Magic Dart                     Conjuration                  1
   b - Blink                          Translocation                2
   c - Call Imp                       Summoning                    2
   d - Repel Missiles                 Charms/Air                   2
   e - Slow                           Hexes                        2
   f - Conjure Flame                  Conjuration/Fire             3
   g - Mephitic Cloud                 Conjuration/Poison/Air       3
Comestibles
 f - 5 bread rations
 g - 3 fruits
 n - 4 meat rations
 G - a chunk of flesh


   Skills:
 - Level 7.0 Fighting
 - Level 10.0 Maces & Flails
 - Level 9.0 Armour
 + Level 0.9 Dodging
 - Level 4.0 Shields


You had 8 spell levels left.
You didn't know any spells.

Dungeon Overview and Level Annotations

Branches:
Dungeon (10/15)            Temple (1/1) D:4
   Lair: D:8-11         Orc: D:9-12

Altars:
Ashenzari
Cheibriados
Dithmenos
Elyvilon
Fedhas
Gozag
Hepliaklqana
Kikubaaqudgha
Makhleb
Nemelex Xobeh
Okawaru
Qazlal
Ru
Sif Muna
Trog
Uskayaw
Vehumet
Xom
Yredelemnul
Zin
The Shining One

Shops:
D:9 (

Annotations:
D:3 Grinder


Innate Abilities, Weirdness & Mutations

You reflexively headbutt those who attack you in melee.
You have a pair of horns on your head.


Message History

The hell hound bites you!
* * * LOW HITPOINT WARNING * * *
The hell hound breathes flames at you. The blast of flame misses you.
The hound bites you.
* * * LOW HITPOINT WARNING * * *
You block the hell hound's attack.
Unknown command.
You closely miss the hound. Your headbutt misses the hound.
The hound is severely wounded.
The hound bites you but does no damage.
The hell hound bites you but does no damage.
You block the hell hound's attack. The hound completely misses you.
You furiously retaliate!
You headbutt the hound!
You kill the hound!
Makhleb accepts your kill. The hell hound barely misses you.
The hell hound bites you but does no damage.
The hell hound breathes flames at you. The blast of flame hits you!
You die...

.## ....
....#
......
...8..#####
.......h..#
#.h@# #####


You could see 2 hell hounds.

Vanquished Creatures
  The ghost of fatfloppyjuicyveiny the Quickloader, a novice KoHu of Okawaru (D:5)
  A hippogriff (D:4)
  An orc warrior (D:6)
  A black bear (D:6)
  A sky beast (D:5)
  2 centaurs (D:6)
  4 ogres
  2 bullfrogs (D:6)
  A wyvern zombie (D:6)
  A howler monkey (D:6)
  A centaur zombie (D:5)
  3 hounds
  2 jellies
  An orc priest (D:5)
  Terence (D:3)
  An iguana (D:5)
  2 worker ants
  An orc wizard (D:4)
  A hound skeleton (D:4)
  A worker ant zombie (D:5)
  11 gnolls
  4 adders
  An ooze (D:2)
  An adder skeleton (D:4)
  3 worms
  2 dart slugs (D:2)
  2 leopard geckos
  21 orcs
  3 ball pythons
  A giant cockroach (D:1)
  8 goblins
  5 hobgoblins
  3 jackals (D:2)
  3 quokkas
  7 bats
  5 frilled lizards
  3 kobolds
  A quokka skeleton (D:6)
  3 rats
116 creatures vanquished.

Notes
Turn   | Place    | Note
-------+----------+-------------------------------------------
     0 | D:1      | Lahna the Minotaur Fighter began the quest for the Orb.
     0 | D:1      | Reached XP level 1. HP: 19/19 MP: 0/0
   145 | D:1      | Reached skill level 3 in Maces & Flails
   240 | D:1      | Reached XP level 2. HP: 26/26 MP: 1/1
   756 | D:2      | Reached skill level 4 in Maces & Flails
   963 | D:2      | Reached XP level 3. HP: 32/33 MP: 2/2
  1335 | D:3      | Noticed Grinder
  1413 | D:3      | Noticed Terence
  1423 | D:3      | Killed Terence
  1423 | D:3      | Reached skill level 5 in Fighting
  1423 | D:3      | Reached XP level 4. HP: 37/42 MP: 3/3
  1593 | D:3      | Paralysed by Grinder for 6 turns
  1625 | D:3      | Paralysed by Grinder for 6 turns
  1819 | D:4      | Found a staircase to the Ecumenical Temple.
  1855 | Temple   | Entered the Ecumenical Temple
  2057 | Temple   | Became a worshipper of Makhleb the Destroyer
  2100 | D:4      | Noticed an ogre
  2110 | D:4      | Killed an ogre
  2110 | D:4      | Reached XP level 5. HP: 37/51 MP: 4/4
  2522 | D:4      | Reached XP level 6. HP: 55/60 MP: 5/5
  2632 | D:4      | Noticed a hippogriff
  2641 | D:4      | Killed a hippogriff
  3084 | D:5      | Entered Level 5 of the Dungeon
  3098 | D:5      | Reached XP level 7. HP: 66/66 MP: 6/6
  3250 | D:5      | Noticed fatfloppyjuicyveiny's ghost (novice KoHu)
  3266 | D:5      | Killed fatfloppyjuicyveiny's ghost
  3266 | D:5      | Reached * piety under Makhleb
  3672 | D:5      | Reached skill level 5 in Maces & Flails
  3672 | D:5      | Reached XP level 8. HP: 48/73 MP: 7/7
  4192 | D:6      | Reached skill level 6 in Maces & Flails
  4357 | D:6      | Reached skill level 7 in Maces & Flails
  4506 | D:6      | Reached skill level 8 in Maces & Flails
  4735 | D:6      | Found a deep blue altar of Sif Muna.
  4761 | D:6      | Reached skill level 9 in Maces & Flails
  5171 | D:6      | Reached XP level 9. HP: 78/79 MP: 8/8
  5501 | D:6      | Reached skill level 10 in Maces & Flails
  5722 | D:7      | You fall through a shaft for 2 floors!
  5728 | D:9      | Found Pof Kuam's Antique Weapon Boutique.
  5783 | D:10     | Entered Level 10 of the Dungeon
  5784 | D:10     | HP: 1/79 [hound (3)]
  5786 | D:10     | Killed from afar by a hell hound

Skill      XL: |  1  2  3  4  5  6  7  8  9 |
---------------+----------------------------+-----
Maces & Flails | 3 4 5 9 10 | 10.0
Fighting       | 5 6 7 |  7.0
Armour         | 4 6 9 |  9.0
Shields        | 4 |  4.0
Dodging        | |  0.9

Action                   |  1- 3 |  4- 6 |  7- 9 || total
-------------------------+-------+-------+-------++-------
Melee: Flail             |   123 |    91 |   180 ||   394
       Headbutt          |    11 |    13 |    34 ||    58
  Eat: Chunk             |     1 |     5 |     7 ||    13
       Beef jerky        |       |     1 |       ||     1
       Fruit             |       |       |     1 ||     1
Armor: Scale mail        |    67 |    32 |    50 ||   149
       Plate armour      |       |       |    28 ||    28
Dodge: Dodged            |    38 |    24 |    44 ||   106
Block: Shield            |    75 |    52 |   100 ||   227
